 Dungeon Crawl Stone Soup version 0.20.0-10-g0535bb4 (webtiles) character file.

266 Gorglomux the Skirmisher (level 6, 0/39 HPs)
             Began as a Gargoyle Summoner on June 4, 2017.
             Slain by a centaur (6 damage)
             ... on level 3 of the Dungeon.
             The game lasted 00:03:06 (2768 turns).

Gorglomux the Skirmisher (Gargoyle Summoner)        Turns: 2768, Time: 00:03:07

Health: 0/39       AC: 11    Str: 14    XL:     6   Next: 20%
Magic:  9/9        EV: 10    Int: 15    God:
Gold:   121        SH:  0    Dex: 10    Spells: 8/9 levels left

rFire    . . .     SeeInvis .   e - +0 mace
rCold    . . .     Gourm    .   (no shield)
rNeg     + . .     Faith    .   A - +0 ring mail (curse)
rPois    ∞         Spirit   .   (no helmet)
rElec    +         Reflect  .   S - +0 cloak
rCorr    .         Harm     .   B - +0 pair of gloves
MR       .....     Rnd*Tele +   (no boots)
Stlth    +.........             (no amulet)
Regen    0.2/turn               t - ring of teleportation (curse)
MPRegen  0.2/turn               (no ring)

@: hasted, very quick
A: negative energy resistance 1, electricity resistance, unbreathing,
petrification resistance, rot immunity, AC +4
a: no special abilities


You were on level 3 of the Dungeon.
You were hungry.

You visited 1 branch of the dungeon, and saw 3 of its levels.

You collected 121 gold pieces.

Inventory:

Hand Weapons
 e - a +0 mace (weapon)
Armour
 A - a cursed +0 ring mail (worn)
 B - a +0 pair of gloves (worn)
 S - a +0 cloak (worn)
Jewellery
 t - a cursed ring of teleportation (left hand)
Scrolls
 g - a scroll of teleportation {unknown}
 C - a scroll of remove curse {unknown}
 R - a scroll of enchant weapon {unknown}
 V - a scroll of blinking {unknown}
Potions
 i - a potion of brilliance
 Q - a potion of curing
Books
 b - a book of Callings

   Spells                             Type                      Level
   a - Summon Small Mammal            Summoning                    1
   b - Call Imp                       Summoning                    2
   c - Call Canine Familiar           Summoning                    3
   d - Summon Guardian Golem          Hexes/Summoning              3
   e - Summon Lightning Spire         Summoning/Air                4
   f - Summon Ice Beast               Ice/Summoning                4
Comestibles
 c - a bread ration
 h - a royal jelly
 z - a meat ration


   Skills:
 + Level 4.3 Fighting
 + Level 4.1 Maces & Flails
 - Level 1.5 Dodging
 - Level 2.1 Stealth
 - Level 2.0 Spellcasting
 - Level 3.6 Summonings


You had 8 spell levels left.
You knew the following spells:

 Your Spells              Type           Power        Failure   Level  Hunger
a - Summon Small Mammal   Summ           ##..         11%         1    #......


Dungeon Overview and Level Annotations

Branches:
Dungeon (3/15)

Altars:
Makhleb


Innate Abilities, Weirdness & Mutations

You are resistant to torment.
Your stone body is resilient. (AC +4)
You are immune to poison.
You resist negative energy. (rN+)
You are resistant to electric shocks. (rElec)
You can survive without breathing.
You are immune to petrification.
You are immune to rotting.


Message History

You barely miss the centaur.
The centaur is moderately wounded.
The centaur hits you.
* * * LOW HITPOINT WARNING * * *
You barely miss the centaur.
The centaur is moderately wounded.
The centaur hits you but does no damage.
You barely miss the centaur.
The centaur is moderately wounded.
The centaur misses you.
You hit the centaur.
The centaur is moderately wounded.
The centaur hits you but does no damage.
You hit the centaur but do no damage.
The centaur is moderately wounded.
The centaur closely misses you.
You closely miss the centaur.
The centaur is moderately wounded.
The centaur hits you.
You die... ################## #...(.(.(.@c...... #.###############. ..

You could see a centaur.

Vanquished Creatures
  The ghost of oliv1008 the Changer, an amateur MfTm (D:3)
  A hound (D:3)
  Crazy Yiuf (D:2)
  Terence (D:2)
  An ooze (D:2)
  3 worms (D:2)
  A dart slug (D:3)
  2 leopard geckos
  An orc (D:3)
  A ball python (D:1)
  6 bats
  3 goblins
  6 hobgoblins
  2 quokkas (D:2)
  5 frilled lizards
  4 kobolds
  8 rats
47 creatures vanquished.

Notes
Turn   | Place    | Note
-------+----------+-------------------------------------------
     0 | D:1      | Gorglomux the Gargoyle Summoner began the quest for the Orb.
     0 | D:1      | Reached XP level 1. HP: 10/10 MP: 3/3
   183 | D:1      | Reached skill level 1 in Fighting
   216 | D:1      | Reached XP level 2. HP: 11/16 MP: 5/5
   280 | D:1      | Reached skill level 1 in Maces & Flails
   884 | D:2      | Reached XP level 3. HP: 18/21 MP: 6/6
  1544 | D:2      | Noticed Terence
  1894 | D:2      | Killed Terence
  1894 | D:2      | Reached XP level 4. HP: 16/27 MP: 7/7
  2089 | D:2      | Found a runed door.
  2282 | D:2      | Noticed Crazy Yiuf
  2293 | D:2      | Killed Crazy Yiuf
  2293 | D:2      | Reached skill level 3 in Fighting
  2293 | D:2      | Reached skill level 3 in Maces & Flails
  2450 | D:3      | Found a burning altar of Makhleb.
  2462 | D:3      | Reached XP level 5. HP: 15/32 MP: 8/8
  2705 | D:3      | Noticed oliv1008's ghost (amateur MfTm)
  2736 | D:3      | HP: 1/32 [oliv1008's ghost (1)]
  2737 | D:3      | Killed oliv1008's ghost
  2737 | D:3      | Reached XP level 6. HP: 2/38 MP: 9/9
  2768 | D:3      | Slain by a centaur

Skill      XL: |  1  2  3  4  5 |
---------------+----------------+-----
Fighting       | 1 2 3 4 |  4.3
Maces & Flails | 1 2 3 4 |  4.1
Dodging        | |  1.5
Stealth        | |  2.1
Spellcasting   | |  2.0
Summonings     | |  3.6

Action                   |  1- 3 |  4- 6 || total
-------------------------+-------+-------++-------
Melee: Mace              |   191 |    98 ||   289
       Unarmed           |     5 |       ||     5
 Cast: Summon Small Mamm |     2 |       ||     2
  Use: Scroll            |     3 |       ||     3
       Potion            |       |     3 ||     3
 Stab: Sleeping          |     3 |       ||     3
       Distracted        |     1 |       ||     1
  Eat: Chunk             |     3 |     3 ||     6
Armor: Robe              |    28 |       ||    28
       Ring mail         |    73 |    30 ||   103
Dodge: Dodged            |   130 |    47 ||   177
